 Dungeon Crawl Stone Soup version 0.21.1-1-g345015f (webtiles) character file.

1395 tidbits the Insei (level 8, -2/67 HPs)
             Began as a Gnoll Transmuter on Mar 23, 2018.
             Was an Initiate of Cheibriados.
             Slain by a water moccasin (4 damage)
             ... on level 8 of the Dungeon.
             The game lasted 00:19:09 (1819 turns).

tidbits the Insei (Gnoll Transmuter)                Turns: 1819, Time: 00:19:10

Health: -2/67      AC:  2    Str: 13    XL:     8   Next: 68%
Magic:  17/17      EV: 23    Int: 19    God:    Cheibriados [......]
Gold:   162        SH:  4    Dex: 22    Spells: 5/19 levels left

rFire    . . .     SeeInvis .     - Unarmed
rCold    . . .     Gourm    .   (shield currently unavailable)
rNeg     . . .     Faith    .   b - +0 robe
rPois    .         Spirit   .   (helmet restricted)
rElec    .         Reflect  .   (no cloak)
rCorr    .         Harm     .   (gloves currently unavailable)
MR       .....                  (no boots)
Stlth    ++++......             (no amulet)
HPRegen  0.21/turn              C - +1 ring of evasion
MPRegen  0.15/turn              (no ring)

@: agile, blade hands, very slow
A: distributed training, antennae 1, fangs 1, large bone plates 1, robust 1,
strong nose
a: End Transformation, Bend Time, Renounce Religion


You were on level 8 of the Dungeon.
You worshipped Cheibriados.
Cheibriados was noncommittal.
You were not hungry.
You had blades for hands.
You visited 2 branches of the dungeon, and saw 10 of its levels.
You also visited: Sewer.

You collected 162 gold pieces.

Inventory:

Hand Weapons
 k - a +0 dagger (melded)
 n - a +0 hand crossbow
 t - a +4 hand axe of distortion
   (You found it on level 5 of the Dungeon)
 w - a +0 shortbow
 B - a +3 blowgun
 D - a +0 blowgun
Missiles
 a - 79 arrows
 f - 2 poisoned javelins
 h - 7 curare-tipped needles
 m - 3 tomahawks
 o - 5 poisoned tomahawks (quivered)
 u - a throwing net {!f}
 v - 2 javelins
Armour
 b - a +0 robe (worn)
 p - a +1 ring mail of poison resistance
   (You took it off an orc on level 6 of the Dungeon)
 E - a +0 buckler
Jewellery
 C - a +1 ring of evasion (left scythe-like blade)
   (You found it on level 5 of the Dungeon)
Scrolls
 e - a scroll of teleportation
 g - 3 scrolls of amnesia
 j - 2 scrolls of fog
 l - a scroll of noise {unknown}
 q - a scroll of identify {unknown}
 r - a scroll of remove curse
 y - 3 scrolls of fear
 A - a scroll of blinking
Potions
 i - a potion of heal wounds {unknown}
 s - a potion of lignification {unknown}
 x - 2 potions of curing
 z - a potion of magic
 F - a potion of invisibility {unknown}
 G - a potion of agility
Books
 c - a book of Changes

   Spells                             Type                      Level
   a - Beastly Appendage              Transmutation                1
   b - Sticks to Snakes               Transmutation                2
   c - Spider Form                    Transmutation/Poison         3
   d - Ice Form                       Ice/Transmutation            4
   e - Blade Hands                    Transmutation                5
Comestibles
 d - 6 rations


   Skills:
 + Level 4.3 Fighting
 + Level 3.4 Short Blades
 + Level 3.4 Long Blades
 + Level 3.4 Axes
 + Level 3.4 Maces & Flails
 + Level 3.4 Polearms
 + Level 3.4 Staves
 + Level 3.4 Slings
 + Level 3.4 Bows
 + Level 3.4 Crossbows
 + Level 3.4 Throwing
 + Level 3.4 Armour
 + Level 5.8 Dodging
 + Level 3.4 Stealth
 + Level 3.4 Shields
 + Level 7.4 Unarmed Combat
 + Level 6.1 Spellcasting
 + Level 2.8 Conjurations
 + Level 2.8 Hexes
 + Level 2.8 Charms
 + Level 2.8 Summonings
 + Level 2.8 Necromancy
 + Level 2.8 Translocations
 + Level 4.7 Transmutations
 + Level 2.8 Fire Magic
 + Level 2.8 Ice Magic
 + Level 2.8 Air Magic
 + Level 2.8 Earth Magic
 + Level 2.8 Poison Magic
 + Level 3.7 Invocations
 + Level 3.4 Evocations


You had 5 spell levels left.
You knew the following spells:

 Your Spells              Type           Power        Failure   Level  Hunger
h - Blade Hands           Tmut           ###.......   80%         5    #####..
i - Ice Form              Ice/Tmut       ###.....     65%         4    ####...
k - Sticks to Snakes      Tmut           ###.....     22%         2    None
p - Spider Form           Tmut/Pois      ###.......   38%         3    ##.....


Dungeon Overview and Level Annotations

Branches:
Dungeon (9/15)             Temple (1/1) D:6            Lair (0/6) D:9
    Orc: D:9-12

Altars:
Ashenzari
Cheibriados
Hepliaklqana
Kikubaaqudgha
Makhleb
Nemelex Xobeh
Qazlal
Ru
Sif Muna
Yredelemnul
Zin
The Shining One

Annotations:
D:8 Joseph
D:9 exclusion: 2 death yaks


Innate Abilities, Weirdness & Mutations

Your experience applies equally to all skills.
You have very sharp teeth.
Your uncanny sense of smell can sniff out nearby items.
You have a pair of small antennae on your head.
You are partially covered in large bone plates. (SH +4)
You are robust. (+10% HP)


Message History

o - 4 poisoned tomahawks (gained 1)
You see here a poisoned tomahawk.
o - 5 poisoned tomahawks (gained 1)
You open the door.
Found a scroll of fear.
There is an open door here.
Found a scroll of amnesia.
You see here a scroll of fear.
y - 3 scrolls of fear (gained 1)
Found a hunting sling.
Found an escape hatch in the floor.
As you open the door, it creaks loudly!
You see here a scroll of amnesia.
g - 3 scrolls of amnesia (gained 1)
Your transformation is almost over.
Found a stone staircase leading down.
You warm up again.
Your +0 dagger unmelds from your body.
Your +0 robe unmelds from your body.
There is a stone staircase leading down here.
You climb downwards.
An iguana and 2 death yaks come into view.
Found a scroll of remove curse, a jewelled bone wand and a spear.
Found a staircase to the Lair.
There is a stone staircase leading up here.
Okay, then.
You climb upwards.
There is a stone staircase leading down here.
Unknown command.
Found 2 cyan potions.
You see here 2 cyan potions.
G - 2 cyan potions You are feeling hungry.
You open the door.
Found a ration.
There is an open door here.
You see here a ration.
You eat the ration.
That ration really hit the spot!
Joseph, a Mercenary comes into view.
He is wielding a quarterstaff of protection.
You aren't carrying any items that you can evoke.
Unknown command.
This spell is very dangerous to cast!
Memorise Blade Hands, consuming 5 spell levels and leaving 5?
You start memorising the spell.
You continue memorising. x5
You finish memorising.
Spell assigned to 'h'.
Joseph shouts!
Joseph unwields an uncursed quarterstaff of protection.
Joseph wields a hunting sling.
Joseph shoots a sling bullet.
The sling bullet hits you.
You see here a sling bullet.
Casting: Ice Form
Confirm with . or Enter, or press ? or * to list all spells.
The spell is very dangerous to cast!
Continue anyway?
Your hands turn into razor-sharp scythe blades.
Your +0 dagger melds into your body.
Joseph shoots a sling bullet.
The sling bullet hits you.
A water moccasin comes into view.
Joseph shoots a sling bullet.
The sling bullet hits you!
You see here a sling bullet.
Joseph unwields an uncursed hunting sling.
Joseph wields an uncursed quarterstaff of protection.
Joseph barely misses you.
Unknown command.
Unknown command.
The water moccasin hisses angrily.
You slice Joseph!!
Joseph is moderately wounded.
Joseph closely misses you. You block the water moccasin's attack.
The flow of time bends around you.
Cheibriados rebukes the water moccasin.
The water moccasin seems to slow down.
Cheibriados rebukes Joseph.
Joseph seems to slow down.
You feel slightly more hungry. Joseph misses you.
You block the water moccasin's attack.
You hit Joseph but do no damage.
Joseph is moderately wounded.
The water moccasin misses you.
You slash Joseph!
Joseph is heavily wounded.
Joseph hits you with an uncursed quarterstaff of protection!
* * * LOW HITPOINT WARNING * * *
You hit Joseph.
Joseph is heavily wounded.
The water moccasin barely misses you.
You barely miss Joseph.
Joseph is heavily wounded.
The water moccasin misses you.
Joseph hits you with an uncursed quarterstaff of protection.
* * * LOW HITPOINT WARNING * * *
You hit Joseph but do no damage.
Joseph is heavily wounded.
The water moccasin bites you.
* * * LOW HITPOINT WARNING * * *
It was a potion of magic.
Magic courses through your body. The water moccasin closely misses you.
Joseph hits you with an uncursed quarterstaff of protection!!
* * * LOW HITPOINT WARNING * * *
It was a potion of agility.
You feel agile all of a sudden. The water moccasin bites you.
You die...

.# #..# #.#.# .#
#..####.#.# .#
#.......#.#
##.######.# #.#
#.# #.# #.#
#######.######.###
...............@.#
#######.######@.#
#.....((S.#
########.## #.#
#.# #.# ... #.. ..


You could see Joseph and a water moccasin.

Vanquished Creatures
  A hippogriff (D:8)
  3 ice beasts
  An ogre (D:5)
  2 centaurs (D:5)
  A big kobold (Sewer)
  A bullfrog (D:6)
  A killer bee (D:7)
  A scorpion (D:8)
  A howler monkey (D:5)
  A crimson imp (D:7)
  A bullfrog zombie (D:2)
  A hound (D:5)
  A gnoll shaman (D:5)
  A bullfrog skeleton (D:6)
  2 orc wizards (D:7)
  2 worker ants
  2 adders
  9 gnolls (D:5)
  2 worms (D:2)
  A dart slug (D:2)
  7 leopard geckos
  9 orcs
  5 giant cockroaches
  3 goblins
  4 hobgoblins
  5 jackals
  3 quokkas
  5 bats
  A frilled lizard (D:5)
  4 kobolds
  A rat (D:3)
82 creatures vanquished.

Notes
Turn   | Place    | Note
-------+----------+-------------------------------------------
     0 | D:1      | tidbits the Gnoll Transmuter began the quest for the Orb.
     0 | D:1      | Reached XP level 1. HP: 17/17 MP: 6/6
    59 | D:1      | Reached XP level 2. HP: 20/23 MP: 7/7
    82 | D:1      | You fall through a shaft!
   108 | D:2      | Reached skill level 5 in Spellcasting
   108 | D:2      | Reached skill level 1 in Invocations
   108 | D:2      | Reached XP level 3. HP: 5/28 MP: 6/9
   245 | D:2      | Reached skill level 1 in Short Blades
   245 | D:2      | Reached skill level 1 in Long Blades
   245 | D:2      | Reached skill level 1 in Axes
   245 | D:2      | Reached skill level 1 in Maces & Flails
   245 | D:2      | Reached skill level 1 in Polearms
   245 | D:2      | Reached skill level 1 in Staves
   245 | D:2      | Reached skill level 1 in Slings
   245 | D:2      | Reached skill level 1 in Bows
   245 | D:2      | Reached skill level 1 in Crossbows
   245 | D:2      | Reached skill level 1 in Throwing
   245 | D:2      | Reached skill level 1 in Armour
   245 | D:2      | Reached skill level 1 in Stealth
   245 | D:2      | Reached skill level 1 in Shields
   245 | D:2      | Reached skill level 1 in Evocations
   257 | D:2      | Learned a level 2 spell: Sticks to Snakes
   261 | D:2      | Learned a level 3 spell: Spider Form
   276 | D:2      | Reached XP level 4. HP: 21/34 MP: 9/11
   282 | D:2      | Learned a level 4 spell: Ice Form
   505 | D:4      | Found a sacrificial altar of Ru.
   509 | D:4      | You fall through a shaft for 3 floors!
   538 | D:7      | Noticed a sky beast
   562 | D:7      | Noticed an ice beast
   563 | D:7      | Reached skill level 1 in Conjurations
   563 | D:7      | Reached skill level 1 in Hexes
   563 | D:7      | Reached skill level 1 in Charms
   563 | D:7      | Reached skill level 1 in Summonings
   563 | D:7      | Reached skill level 1 in Necromancy
   563 | D:7      | Reached skill level 1 in Translocations
   563 | D:7      | Reached skill level 1 in Fire Magic
   563 | D:7      | Reached skill level 1 in Ice Magic
   563 | D:7      | Reached skill level 1 in Air Magic
   563 | D:7      | Reached skill level 1 in Earth Magic
   563 | D:7      | Reached skill level 1 in Poison Magic
   579 | D:7      | Killed an ice beast
   579 | D:7      | Reached skill level 3 in Fighting
   579 | D:7      | Reached skill level 4 in Transmutations
   579 | D:7      | Reached XP level 5. HP: 32/41 MP: 1/12
   582 | D:7      | Noticed an ogre
   588 | D:7      | Gained mutation: Armour fits poorly on your strangely shaped body. [potion of mutation]
   588 | D:7      | Gained mutation: Your flesh is cold resistant. (rC+) [potion of mutation]
   593 | D:7      | Reached XP level 6. HP: 17/47 MP: 0/13
   730 | D:5      | Entered Level 5 of the Dungeon
   750 | D:5      | Reached skill level 2 in Invocations
   753 | D:5      | Reached skill level 2 in Short Blades
   753 | D:5      | Reached skill level 2 in Long Blades
   753 | D:5      | Reached skill level 2 in Axes
   753 | D:5      | Reached skill level 2 in Maces & Flails
   753 | D:5      | Reached skill level 2 in Polearms
   753 | D:5      | Reached skill level 2 in Staves
   753 | D:5      | Reached skill level 2 in Slings
   753 | D:5      | Reached skill level 2 in Bows
   753 | D:5      | Reached skill level 2 in Crossbows
   753 | D:5      | Reached skill level 2 in Throwing
   753 | D:5      | Reached skill level 2 in Armour
   753 | D:5      | Reached skill level 5 in Dodging
   753 | D:5      | Reached skill level 2 in Stealth
   753 | D:5      | Reached skill level 2 in Shields
   753 | D:5      | Reached skill level 2 in Evocations
   812 | D:5      | Found a burning altar of Makhleb.
   837 | D:5      | Reached XP level 7. HP: 52/52 MP: 7/15
   880 | D:5      | Reached skill level 7 in Unarmed Combat
   913 | D:5      | Reached skill level 2 in Conjurations
   913 | D:5      | Reached skill level 2 in Hexes
   913 | D:5      | Reached skill level 2 in Charms
   913 | D:5      | Reached skill level 2 in Summonings
   913 | D:5      | Reached skill level 2 in Necromancy
   913 | D:5      | Reached skill level 2 in Translocations
   913 | D:5      | Reached skill level 2 in Fire Magic
   913 | D:5      | Reached skill level 2 in Ice Magic
   913 | D:5      | Reached skill level 2 in Air Magic
   913 | D:5      | Reached skill level 2 in Earth Magic
   913 | D:5      | Reached skill level 2 in Poison Magic
   969 | D:5      | Found a glowing drain.
   988 | Sewer    | Entered a sewer
  1013 | Sewer    | Reached skill level 3 in Invocations
  1086 | D:5      | Reached XP level 8. HP: 58/60 MP: 8/16
  1254 | D:6      | Found a staircase to the Ecumenical Temple.
  1269 | Temple   | Entered the Ecumenical Temple
  1284 | Temple   | Became a worshipper of Cheibriados the Contemplative
  1441 | D:6      | Reached skill level 4 in Fighting
  1474 | D:6      | Lost mutation: Armour fits poorly on your strangely shaped body. [potion of mutation]
  1474 | D:6      | Lost mutation: Your flesh is cold resistant. (rC+) [potion of mutation]
  1474 | D:6      | Gained mutation: You have a pair of small antennae on your head. [potion of mutation]
  1474 | D:6      | Gained mutation: You are partially covered in large bone plates. (SH +4) [potion of mutation]
  1474 | D:6      | Gained mutation: You are robust. (+10% HP) [potion of mutation]
  1484 | D:7      | Reached skill level 3 in Short Blades
  1484 | D:7      | Reached skill level 3 in Long Blades
  1484 | D:7      | Reached skill level 3 in Axes
  1484 | D:7      | Reached skill level 3 in Maces & Flails
  1484 | D:7      | Reached skill level 3 in Polearms
  1484 | D:7      | Reached skill level 3 in Staves
  1484 | D:7      | Reached skill level 3 in Slings
  1484 | D:7      | Reached skill level 3 in Bows
  1484 | D:7      | Reached skill level 3 in Crossbows
  1484 | D:7      | Reached skill level 3 in Throwing
  1484 | D:7      | Reached skill level 3 in Armour
  1484 | D:7      | Reached skill level 3 in Stealth
  1484 | D:7      | Reached skill level 3 in Shields
  1484 | D:7      | Reached skill level 3 in Evocations
  1525 | D:8      | Reached skill level 6 in Spellcasting
  1664 | D:8      | Noticed a hippogriff
  1671 | D:8      | Killed a hippogriff
  1710 | D:9      | Found a staircase to the Lair.
  1710 | D:9      | Noticed a death yak
  1710 | D:9      | Noticed a death yak
  1795 | D:8      | Noticed Joseph
  1803 | D:8      | Learned a level 5 spell: Blade Hands
  1818 | D:8      | HP: 2/67 [Joseph/uncursed quarterstaff of protection (19)]
  1819 | D:8      | Slain by a water moccasin

Skill      XL: |  1  2  3  4  5  6  7  8 |
---------------+-------------------------+-----
Spellcasting   | 5 6 |  6.1
Invocations    | 1 2 3 |  3.7
Short Blades   | 1 2 3 |  3.4
Long Blades    | 1 2 3 |  3.4
Axes           | 1 2 3 |  3.4
Maces & Flails | 1 2 3 |  3.4
Polearms       | 1 2 3 |  3.4
Staves         | 1 2 3 |  3.4
Slings         | 1 2 3 |  3.4
Bows           | 1 2 3 |  3.4
Crossbows      | 1 2 3 |  3.4
Throwing       | 1 2 3 |  3.4
Armour         | 1 2 3 |  3.4
Stealth        | 1 2 3 |  3.4
Shields        | 1 2 3 |  3.4
Evocations     | 1 2 3 |  3.4
Conjurations   | 1 2 |  2.8
Hexes          | 1 2 |  2.8
Charms         | 1 2 |  2.8
Summonings     | 1 2 |  2.8
Necromancy     | 1 2 |  2.8
Translocations | 1 2 |  2.8
Fire Magic     | 1 2 |  2.8
Ice Magic      | 1 2 |  2.8
Air Magic      | 1 2 |  2.8
Earth Magic    | 1 2 |  2.8
Poison Magic   | 1 2 |  2.8
Fighting       | 3 4 |  4.3
Transmutations | 4 |  4.7
Dodging        | 5 |  5.8
Unarmed Combat | 7 |  7.4

Action                   |  1- 3 |  4- 6 |  7- 9 || total
-------------------------+-------+-------+-------++-------
Melee: Unarmed           |    43 |    64 |    83 ||   190
       Headbutt          |     7 |       |       ||     7
       Bite              |     4 |     1 |       ||     5
       Kick              |     5 |     3 |       ||     8
       Dagger            |       |       |     1 ||     1
Throw: Javelin           |    10 |     4 |     6 ||    20
       Tomahawk          |       |       |     6 ||     6
 Cast: Beastly Appendage |     9 |     2 |       ||    11
       Spider Form       |       |    11 |     1 ||    12
       Sticks to Snakes  |       |     6 |     2 ||     8
       Ice Form          |       |       |    13 ||    13
       Blade Hands       |       |       |     1 ||     1
Invok: Bend Time         |       |       |     1 ||     1
 Abil: End Transformatio |       |       |     4 ||     4
  Use: Potion            |       |     2 |     3 ||     5
       Scroll            |       |       |     7 ||     7
 Stab: Sleeping          |       |     4 |     1 ||     5
       Distracted        |       |     1 |       ||     1
  Eat: Chunk             |       |     1 |     5 ||     6
       Ration            |       |       |     1 ||     1
Armor: Robe              |     8 |     1 |       ||     9
       Skin              |       |     4 |    14 ||    18
Dodge: Dodged            |    31 |    51 |    42 ||   124
Block: Other             |       |       |     2 ||     2

Table legend:
 A = Turns spent in this place as a percentage of turns spent in the entire game.
 B = Non-inter-level travel turns spent in this place as a percentage of non-inter-level travel turns spent in the entire game.
 C = Inter-level travel turns spent in this place as a percentage of turns spent in this place.
 D = Turns resting spent in this place as a percentage of non-inter-level travel turns spent in this place.
 E = Turns spent auto-exploring this place as a percentage of non-inter-level travel turns spent in this place.
 F = Non-inter-level travel turns spent in this place divided by the number of levels of this place that you've seen.
                   A       B       C       D       E      F
               +-------+-------+-------+-------+-------+----------------------
         Total | 100.0 | 100.0 |   0.6 |   0.0 |   0.0 | 164.4
       Dungeon |  94.9 |  95.5 |   0.0 |   0.0 |   0.0 | 191.8
        Temple |   1.5 |   0.9 |  39.3 |   0.0 |   0.0 |  17.0
         Sewer |   3.6 |   3.6 |   0.0 |   0.0 |   0.0 |  65.0
               +-------+-------+-------+-------+-------+----------------------

Table legend:
 A = Kills in this place as a percentage of kills in entire the game.
 B = Kills by you in this place as a percentage of kills by you in the entire game.
 C = Kills by friends in this place as a percentage of kills by friends in the entire game.
 D = Other kills in this place as a percentage of other kills in the entire game.
 E = Experience gained in this place as a percentage of experience gained in the entire game.
 F = Experience gained in this place divided by the number of levels of this place that you have seen.
                   A       B       C       D       E      F
               +-------+-------+-------+-------+-------+----------------------
         Total | 100.0 | 100.0 |   N/A |   N/A | 100.0 | 181.2
       Dungeon |  97.6 |  97.6 |   N/A |   N/A |  94.9 | 210.2
         Sewer |   2.4 |   2.4 |   N/A |   N/A |   5.1 | 101.0
               +-------+-------+-------+-------+-------+----------------------

Vault maps used:
D:1:      tarquinn_simple_flora_water_f
D:2:      first_ration, minmay_tripent
D:3:      minmay_diamond_boxcup, dk_noncrumbling_3, trog_three_pillars_becter
D:4:      hangedman_ru_absence
D:5:      serial_shops, nicolae_shop_stone, gup_sewer_entry_pipe,
          makhleb_heckhound_becter
D:6:      minmay_temple_entry_overgrown, nicolae_lava_and_water
D:8:      nicolae_gozag_cash_rules_everything_around_me, grunt_pizzeria,
          uniq_joseph
D:9:      dpeg_lair_monsters, serial_shops, kennysheep_mini, special_room
Temple:   nicolae_temple_the_god_donut
Sewer:    sewer_co_15_rooms
